AoeStats
← 太阳当空照

Arena

509341987Analyzed
4v4 RM · 7d ago on Sep 26, 2026· 45m 12s· 8 players
Game mode
Random Map
Map size
Large (8 player)
Population
200
Speed
Normal
Resources
Standard
Victory
Conquest
Starting age
Dark Age
Ending age
Imperial Age
RankedLock teamsTeams togetherTeam positionsShared explorationLock speedFull tech treeHidden civsTurbo modeCheats
Victory
Defeat
🇭🇰 Teutons · Hong Kong SAR China
1192
+17
🇨🇳 Malians · China
1189
+17
🇦🇷 Slavs · Argentina
1147
+19
🇨🇳 Ethiopians · China
1107
+19
🇨🇳 Spanish · China
1237
-19
🇨🇳 Bohemians · China
1227
-19
🇨🇳 Italians · China
1226
-19
🇨🇳 Persians · China
1131
-15
ICAC
11:07 Feudal Age
15:07 Castle Age
13:20 Double-Bit Axe
15:17 Horse Collar
26:44 Scale Barding Armor
26:49 Forging
26:36 Gold Mining
26:39 Stone Mining
27:04 Heavy Plow
30:01 Imperial Age
27:40 Detinets
28:19 Bow Saw
29:29 Loom
31:12 Wheelbarrow
30:40 Husbandry
30:51 Bloodlines
31:04 Chain Barding Armor
31:19 Iron Casting
32:19 Gold Shaft Mining
32:11 Conscription
31:45 Elite Boyar
34:13 Blast Furnace
34:08 Plate Barding Armor
38:17 Hand Cart
38:26 Scale Mail Armor
38:31 Druzhina
44:40 Chain Mail Armor
44:56 Coinage
44:57 Town Watch
45:06 Fletching
45:50 Plate Mail Armor
45:34 Fortified Wall
45:44 Ballistics
46:25 Chemistry
45:41 Town Patrol
勇敢牛牛
10:24 Feudal Age
14:09 Castle Age
12:29 Double-Bit Axe
13:40 Horse Collar
15:32 Bow Saw
18:58 Town Watch
22:38 Wheelbarrow
24:05 Hand Cart
28:24 Imperial Age
27:19 Ballistics
26:52 Fletching
27:05 Padded Archer Armor
27:13 Scale Mail Armor
27:24 Forging
27:46 Gold Mining
27:58 Heavy Plow
27:51 Stone Mining
28:30 Chain Mail Armor
29:24 Stone Shaft Mining
29:36 Iron Casting
28:39 Elite Gbeto
29:44 Conscription
28:46 Elite Gbeto
30:18 Crop Rotation
31:20 Plate Mail Armor
31:32 Gold Shaft Mining
32:03 Chemistry
31:14 Masonry
32:13 Padded Archer Armor
32:04 Fletching
32:17 Padded Archer Armor
37:24 Architecture
36:45 Heated Shot
36:35 Treadmill Crane
36:49 Heated Shot
37:30 Architecture
39:29 Scale Barding Armor
40:45 Chain Barding Armor
40:59 Husbandry
41:09 Bloodlines
40:20 Cavalier
41:03 Farimba
42:38 Plate Barding Armor
Kena
10:03 Feudal Age
10:53 Double-Bit Axe
13:42 Castle Age
14:45 Wheelbarrow
14:43 Bow Saw
26:53 Loom
27:26 Fletching
39:09 Imperial Age
37:10 Forging
37:40 Arson
37:56 Squires
38:18 Scale Mail Armor
41:58 Gold Mining
43:49 Iron Casting
42:56 Elite Skirmisher
ddddeeer
10:26 Feudal Age
11:48 Double-Bit Axe
14:38 Castle Age
12:28 Horse Collar
15:41 Bow Saw
19:20 Wheelbarrow
20:31 Heavy Plow
21:05 Gold Mining
23:19 Hand Cart
28:09 Imperial Age
25:30 Loom
25:31 Town Watch
26:04 Scale Barding Armor
26:13 Bloodlines
27:04 Chain Barding Armor
26:55 Forging
29:23 Iron Casting
28:15 Cavalier
29:32 Plate Barding Armor
31:03 Blast Furnace
32:01 Scale Mail Armor
31:31 Pikeman
32:11 Squires
33:37 Conscription
33:53 Chain Mail Armor
34:25 Crenellations
34:41 Hoardings
33:45 Halberdier
34:55 Fletching
35:47 Masonry
35:29 Heated Shot
36:03 Ballistics
35:30 Town Watch
36:17 Plate Mail Armor
35:43 Bodkin Arrow
36:50 Capped Ram
37:37 Arson
42:13 Elite Teutonic Knight
43:14 Ironclad
42:19 Man-at-Arms
42:44 Gambesons
45:20 Two-Man Saw
44:13 Stone Mining
44:57 Crop Rotation
44:48 Long Swordsman
10001
3:32 Loom
11:03 Feudal Age
14:56 Castle Age
14:03 Double-Bit Axe
16:35 Horse Collar
18:38 Wheelbarrow
21:03 Gold Mining
22:28 Heavy Plow
24:41 Hand Cart
27:02 Gold Shaft Mining
30:05 Imperial Age
27:45 Scale Barding Armor
27:51 Forging
27:56 Town Watch
29:22 Husbandry
29:32 Bloodlines
30:18 Chain Barding Armor
29:49 Cavalier
31:15 Conscription
31:35 Plate Barding Armor
32:04 Crop Rotation
31:28 Stone Mining
32:15 Iron Casting
31:56 Bow Saw
31:26 Savar
35:06 Blast Furnace
33:58 Fletching
34:08 Scale Mail Armor
35:17 Hoardings
40:36 Chain Mail Armor
40:17 Bodkin Arrow
42:28 Chemistry
41:49 Ballistics
41:25 Murder Holes
41:41 Masonry
42:44 Squires
42:05 Pikeman
42:32 Arson
43:28 Plate Mail Armor
42:57 Halberdier
43:56 Gambesons
小虾米
10:46 Feudal Age
14:43 Castle Age
13:21 Double-Bit Axe
13:26 Horse Collar
14:30 Loom
16:01 Bow Saw
29:25 Padded Archer Armor
34:47 Wheelbarrow
40:59 Imperial Age
38:44 Hand Cart
40:23 Ballistics
40:15 Fortified Wall
40:00 Gold Mining
40:00 Stone Mining
43:56 Chemistry
太阳当空照
10:46 Feudal Age
15:09 Castle Age
13:43 Double-Bit Axe
13:58 Horse Collar
17:52 Loom
18:36 Bow Saw
19:02 Heavy Plow
22:47 Wheelbarrow
25:09 Hand Cart
29:00 Imperial Age
26:34 Padded Archer Armor
26:34 Fletching
27:01 Gold Mining
27:40 Leather Archer Armor
27:49 Bodkin Arrow
29:22 Ballistics
30:22 Ring Archer Armor
31:33 Chemistry
30:26 Elite Genoese Crossbowman
31:27 Bracer
33:13 Two-Man Saw
33:09 Fortified Wall
35:39 Scale Barding Armor
35:45 Forging
41:20 Iron Casting
41:06 Chain Barding Armor
41:27 Husbandry
41:38 Bloodlines
40:49 Light Cavalry
43:59 Hussar
646257513
11:24 Feudal Age
15:31 Castle Age
13:36 Double-Bit Axe
15:05 Horse Collar
17:26 Bow Saw
18:01 Town Watch
18:05 Loom
26:08 Wheelbarrow
25:33 Town Patrol
31:37 Imperial Age
29:26 Hand Cart
30:01 Scale Mail Armor
30:11 Forging
31:55 Squires
31:41 Arson
31:18 Pikeman
34:11 Chemistry
33:31 Ballistics
33:00 Heavy Scorpion
33:35 Halberdier
35:25 Padded Archer Armor
35:17 Fletching
35:50 Fortified Wall
35:08 Houfnice
Connection lost

Rejoining the realm…

Still unreachable

The connection could not be restored.

Session expired

The server has moved on; the page needs a fresh start.